AoeStats
← Gloim

Arena

504724938Analyzed
3v3 RM · 25d ago on Sep 6, 2026· 64m 47s· 6 players
Game mode
Random Map
Map size
Normal (6 player)
Population
200
Speed
Normal
Resources
Standard
Victory
Conquest
Starting age
Dark Age
Ending age
Imperial Age
RankedLock teamsTeams togetherTeam positionsShared explorationLock speedFull tech treeHidden civsTurbo modeCheats
Victory
Defeat
🇩🇪 Turks · Germany
1184
+14
🇩🇪 Khmer · Germany
1183
+14
🇩🇪 Teutons · Germany
1095
+34
🇩🇪 Britons · Germany
1172
-17
🇩🇪 Persians · Germany
1157
-16
🇩🇪 Gurjaras · Germany
1075
-13
Nicoisgeil
10:56 Feudal Age
14:55 Castle Age
14:21 Double-Bit Axe
14:18 Horse Collar
16:03 Bow Saw
15:56 Heavy Plow
18:15 Loom
25:12 Wheelbarrow
26:27 Wheelbarrow
30:45 Stone Mining
30:45 Gold Mining
31:36 Hand Cart
30:48 Elite Skirmisher
35:15 Gold Shaft Mining
36:40 Town Watch
40:14 Imperial Age
37:55 Squires
37:42 Arson
38:15 Forging
38:10 Scale Mail Armor
38:19 Scale Barding Armor
38:17 Padded Archer Armor
38:25 Fletching
39:24 Yeomen
40:16 Iron Casting
39:57 Chain Mail Armor
40:44 Chain Barding Armor
40:37 Onager
42:03 Ballistics
42:43 Chemistry
41:56 Siege Engineers
42:07 Masonry
41:57 Bodkin Arrow
42:18 Leather Archer Armor
44:23 Elite Longbowman
44:30 Pikeman
46:18 Ring Archer Armor
45:49 Bracer
46:10 Chain Barding Armor
46:05 Chain Mail Armor
46:50 Blast Furnace
45:26 Halberdier
Lembo
10:13 Feudal Age
13:50 Castle Age
12:04 Double-Bit Axe
12:04 Horse Collar
20:17 Wheelbarrow
21:07 Gold Mining
26:29 Imperial Age
24:27 Scale Barding Armor
24:18 Loom
25:07 Bow Saw
25:05 Heavy Plow
26:12 Chain Barding Armor
27:47 Husbandry
27:58 Bloodlines
28:00 Cavalier
29:24 Forging
30:26 Plate Barding Armor
31:06 Conscription
30:48 Fletching
31:30 Ballistics
32:11 Chemistry
32:15 Iron Casting
32:49 Kamandaran
32:26 Crossbowman
33:38 Thumb Ring
33:29 Bodkin Arrow
35:15 Padded Archer Armor
36:16 Blast Furnace
36:51 Savar
37:48 Leather Archer Armor
39:31 Light Cavalry
49:22 Hussar
W_Wallace_AOE
11:26 Feudal Age
15:08 Castle Age
13:34 Double-Bit Axe
13:32 Horse Collar
20:10 Loom
22:25 Scale Barding Armor
23:25 Wheelbarrow
22:39 Town Watch
25:27 Bow Saw
25:25 Heavy Plow
27:21 Hand Cart
27:53 Chain Barding Armor
28:01 Bloodlines
27:51 Husbandry
29:20 Gold Mining
29:20 Stone Mining
29:47 Thumb Ring
32:26 Imperial Age
29:30 Elite Skirmisher
30:16 Thumb Ring
32:17 Fletching
32:31 Padded Archer Armor
33:19 Bodkin Arrow
34:10 Siege Elephant
35:28 Bracer
35:43 Leather Archer Armor
38:48 Plate Barding Armor
38:24 Forging
39:21 Crop Rotation
38:36 Onager
39:35 Light Cavalry
41:11 Iron Casting
42:48 Heavy Camel Rider
48:17 Man-at-Arms
54:10 Hussar
56:01 Ballistics
55:53 Masonry
56:45 Chemistry
55:57 Fortified Wall
59:05 Caravan
65:11 Hoardings
64:57 Conscription
Gloim
11:50 Feudal Age
13:13 Wheelbarrow
12:33 Double-Bit Axe
18:29 Stone Mining
18:29 Gold Mining
18:22 Horse Collar
18:54 Loom
18:55 Town Watch
25:38 Castle Age
26:21 Scale Barding Armor
26:31 Forging
28:52 Pikeman
30:11 Arson
31:14 Bow Saw
31:36 Scale Mail Armor
32:15 Iron Casting
32:44 Chain Mail Armor
39:16 Imperial Age
46:40 Halberdier
tenshi
11:16 Feudal Age
15:05 Castle Age
13:21 Double-Bit Axe
14:12 Horse Collar
17:33 Loom
24:58 Gold Mining
25:37 Bow Saw
25:30 Heavy Plow
26:41 Gold Shaft Mining
31:08 Imperial Age
31:27 Ballistics
32:33 Double Crossbow
32:13 Heavy Scorpion
34:13 Chemistry
34:09 Wheelbarrow
34:49 Siege Engineers
35:46 Fortified Wall
38:29 Scale Barding Armor
38:35 Forging
38:14 Cavalier
38:16 Elite Battle Elephant
40:29 Chain Barding Armor
42:25 Plate Barding Armor
42:26 Iron Casting
43:45 Conscription
47:53 Husbandry
48:18 Light Cavalry
49:08 Bloodlines
49:42 Hand Cart
54:29 Hoardings
54:36 Hussar
56:48 Blast Furnace
61:36 Caravan
62:57 Town Watch
Antillis
10:40 Feudal Age
15:29 Castle Age
14:42 Double-Bit Axe
14:48 Horse Collar
25:30 Bow Saw
28:41 Redemption
28:59 Sanctity
32:29 Imperial Age
31:04 Heavy Plow
33:27 Scale Barding Armor
33:33 Forging
33:34 Husbandry
33:45 Bloodlines
33:12 Heavy Camel Rider
36:49 Wheelbarrow
42:53 Chain Barding Armor
43:08 Iron Casting
Connection lost

Rejoining the realm…

Still unreachable

The connection could not be restored.

Session expired

The server has moved on; the page needs a fresh start.